 Dungeon Crawl Stone Soup version 0.28-a0-312-gbced6e68ee (webtiles) character file.

Game seed: 13914816527032054520

480 Dirtsage the Changer (level 7, 0/43 HPs)
             Began as an Octopode Transmuter on Aug 30, 2021.
             Slain by sn0wgr3's ghost (7 damage)
             ... on level 4 of the Dungeon.
             The game lasted 00:12:46 (5034 turns).

Dirtsage the Changer (Octopode Transmuter)          Turns: 5034, Time: 00:12:47

Health: 0/43       AC:  1    Str: 11    XL:     7   Next: 11%
Magic:  10/10      EV: 12    Int: 15    God:
Gold:   174        SH:  3    Dex: 13    Spells: 4/10 levels left

rFire   . . .      SeeInvis .     - Unarmed
rCold   . . .      Faith    .   g - +0 buckler
rNeg    . . .      Spirit   .   (helmet restricted)
rPois   .          Reflect  .   (no amulet)
rElec   .          Harm     .   (no ring)
rCorr   .          Rampage  .   (no ring)
Will    .....                   (no ring)
Stlth   ++........              (no ring)
HPRegen 0.14/turn               (no ring)
MPRegen 0.12/turn               (no ring)
                                (no ring)
                                (no ring)

@: no status effects
A: almost no armour, amphibious, 8 rings, camouflage 1, gelatinous body 1,
(nimble swimmer 1), tentacles
a: no special abilities


You were on level 4 of the Dungeon.
You visited 1 branch of the dungeon, and saw 4 of its levels.

You collected 174 gold pieces.


Innate Abilities, Weirdness & Mutations

You cannot wear most types of armour.
You are amphibious.
You can wear up to eight rings at the same time.
Your skin changes colour to match your surroundings (Stealth+).
Your rubbery body absorbs attacks. (AC +1, EV +1)
((You are camouflaged near water. (Stealth+)))
You have tentacles for arms and can constrict up to eight enemies at once.


   Skills:
 - Level 1.0 Fighting
 - Level 2.0 Dodging
 - Level 3.0 Unarmed Combat
 + Level 2.1 Spellcasting
 * Level 5.9 Transmutations
 - Level 5.1 Poison Magic


You had 4 spell levels left.
You knew the following spells:

 Your Spells              Type           Power      Damage    Failure   Level
b - Beastly Appendage     Tmut           38%        N/A       3%          1
s - Spider Form           Tmut/Pois      9%         N/A       12%         3
w - Wereblood             Tmut           19%        N/A       4%          2

Your spell library contained the following spells:

 Spells                   Type           Power      Damage    Failure   Level
 Ice Form                 Ice/Tmut       10%        N/A       71%         4

Inventory:

Missiles
 a - 149 stones
Armour
 g - a +0 buckler (worn)
Magical Staves
 h - a staff of death {!a}
Wands
 o - a wand of polymorph (9)
Scrolls
 b - 2 scrolls of magic mapping {unknown}
 d - a scroll of summoning {unknown}
 e - a scroll of fog
 i - a scroll of torment {unknown}
 j - 2 scrolls of teleportation {@r2}
 p - 2 scrolls of enchant armour {unknown}
 q - a scroll of identify {@r1}
Potions
 c - a potion of curing {@q1}
 f - a potion of flight
 k - a potion of ambrosia
 l - a potion of haste {@q3}
 m - a potion of might {unknown}
 n - a potion of attraction {unknown}
 r - a potion of resistance

Dungeon Overview and Level Annotations

Branches:
Dungeon (4/15)
 Temple: D:4-7

Altars:
Kikubaaqudgha
Trog

Annotations:
D:4 sn0wgr3's ghost, weakling MiFi

▓.>▓▓▓.▓▓.▓▓▓
▓.▓▓▓▓▓...▓▓▓▓.▓ ▓..
▓....▓▓ ▓▓▓.▓ ▓....<.▓.▓ ..
▓▓▓...▓ ▓...▓ ▓....<.▓.▓
▓▓▓ ▓..▓.▓▓▓▓.▓▓▓
▓......▓.▓ ..▓▓
▓▓.▓▓......▓ ▓▓▓......▓.▓
▓..▓ ▓..▓▓▓.....▓
▓........▓.▓ ▓▓.▓▓▓▓.▓▓
▓.....▓ ▓.▓......▓.▓
▓▓...▓▓.▓ ▓...W.▓▓
▓........▓.▓ ▓▓▓▓.▓..▓
▓....@>▓▓▓▓........▓.▓
▓▓▓▓...▓▓
▓...........▓▓▓▓▓▓▓▓.▓
......▓▓ ▓......▓▓▓▓).▓ ▓.▓
▓▓▓▓..▓▓▓ ▓......▓▓ ▓)▓▓
▓.▓
▓▓▓▓....▓▓▓▓▓▓.▓▓..▓▓▓.▓▓▓▓
▓.▓
...............▓▓▓...▓....▓
▓.▓ .▓▓▓▓▓>...▓▓▓▓▓▓
▓▓▓......▓ ▓.▓ .......▓...▓
▓▓▓....▓ ▓.▓ <▓▓▓▓▓▓▓.▓.▓▓
▓▓▓.▓▓▓▓ ▓.▓


You could see sn0wgr3's ghost.


Message History

Your tentacle spike misses sn0wgr3's ghost.
Sn0wgr3's ghost is severely damaged.
Sn0wgr3's ghost hits you!
* * * LOW HITPOINT WARNING * * *
Your tentacle spike disappears.
You feel better.
Sn0wgr3's ghost hits you but does no damage.
You completely miss sn0wgr3's ghost. You squeeze sn0wgr3's ghost.
Sn0wgr3's ghost is severely damaged.
Sn0wgr3's ghost misses you.
You tentacle-slap sn0wgr3's ghost.
You squeeze sn0wgr3's ghost, but do no damage.
Sn0wgr3's ghost is severely damaged.
Sn0wgr3's ghost hits you!
* * * LOW HITPOINT WARNING * * *
You tentacle-slap sn0wgr3's ghost but do no damage.
You tentacle-slap sn0wgr3's ghost, but do no damage.
Sn0wgr3's ghost is severely damaged.
Sn0wgr3's ghost barely misses you.
You tentacle-slap sn0wgr3's ghost but do no damage.
Sn0wgr3's ghost is severely damaged.
Sn0wgr3's ghost barely misses you.
You tentacle-slap sn0wgr3's ghost but do no damage.
Sn0wgr3's ghost is severely damaged.
Sn0wgr3's ghost completely misses you.
You tentacle-slap sn0wgr3's ghost but do no damage.
Your squeeze misses sn0wgr3's ghost.
Sn0wgr3's ghost is severely damaged.
Sn0wgr3's ghost hits you!
You die...

Skill      XL: |  1  2  3  4  5  6 |
---------------+-------------------+-----
Transmutations | 3 4 5 |  5.9
Poison Magic   | 1 2 4 5 |  5.1
Fighting       | |  1.0
Dodging        | |  2.0
Unarmed Combat | |  3.0
Spellcasting   | |  2.1

Action                   |  1- 3 |  4- 6 |  7- 9 || total
-------------------------+-------+-------+-------++-------
Melee: Unarmed           |    85 |   160 |    25 ||   270
       Kick              |    10 |    14 |     6 ||    30
       Constrict         |    20 |    43 |     2 ||    65
       Tentacles         |     9 |    26 |    10 ||    45
       Punch             |     1 |     6 |     2 ||     9
 Cast: Beastly Appendage |     6 |    11 |     2 ||    19
       Wereblood         |     1 |     6 |       ||     7
       Spider Form       |       |     1 |       ||     1
  Use: Scroll            |     3 |     5 |       ||     8
       Potion            |       |     1 |     1 ||     2
 Stab: Sleeping          |     5 |    12 |       ||    17
Armor: Skin              |    13 |    11 |     2 ||    26
Dodge: Dodged            |    58 |    76 |    11 ||   145
Block: Buckler           |     2 |    17 |     2 ||    21

Levels and vault maps discovered:
D:1:      lemuel_arrival_hallway, layout_rooms
D:2:      layout_basic, basic_altar, minmay_fractal_squares_5, uniq_sigmund,
          uniq_robin
D:3:      layout_loops_corners, trog_book
D:4:      layout_rooms, ebering_ghost_sewer_d, wad_orctagon, uniq_blork_the_orc

Notes
Turn   | Place    | Note
-------+----------+-------------------------------------------
     0 | D:1      | Dirtsage the Octopode Transmuter began the quest for the
                  | Orb.
     0 | D:1      | Reached XP level 1. HP: 13/13 MP: 3/3
   338 | D:1      | Reached XP level 2. HP: 18/18 MP: 3/5
   342 | D:1      | Learned a level 2 spell: Wereblood
   515 | D:1      | Reached skill level 3 in Transmutations
   582 | D:1      | Reached XP level 3. HP: 16/22 MP: 6/6
  1183 | D:1      | Learned a level 3 spell: Spider Form
  1446 | D:2      | Reached skill level 1 in Poison Magic
  1489 | D:2      | Reached XP level 4. HP: 28/28 MP: 7/7
  1685 | D:2      | Noticed Robin
  1696 | D:2      | Reached skill level 4 in Transmutations
  1699 | D:2      | Killed Robin
  1710 | D:2      | Reached skill level 2 in Poison Magic
  1732 | D:2      | Found an ancient bone altar of Kikubaaqudgha.
  1992 | D:2      | Noticed Sigmund
  2311 | D:3      | Reached XP level 5. HP: 33/33 MP: 8/8
  2605 | D:3      | Reached skill level 3 in Poison Magic
  2734 | D:3      | Found a bloodstained altar of Trog.
  3706 | D:4      | Noticed Blork the orc
  3712 | D:4      | Killed Blork the orc
  3713 | D:4      | Reached skill level 5 in Transmutations
  3713 | D:4      | Reached skill level 4 in Poison Magic
  3713 | D:4      | Reached XP level 6. HP: 5/38 MP: 7/9
  4044 | D:4      | Found a runed translucent door.
  4047 | D:4      | Noticed sn0wgr3's ghost (weakling MiFi)
  4068 | D:4      | HP: 2/38 [sn0wgr3's ghost (11)]
  4456 | D:2      | Killed Sigmund
  4457 | D:2      | Reached skill level 5 in Poison Magic
  4457 | D:2      | Reached XP level 7. HP: 33/43 MP: 7/10
  5034 | D:4      | Slain by sn0wgr3's ghost

Vanquished Creatures
  Sigmund (D:2)
  Blork the orc (D:4)
  A bullfrog skeleton (D:4)
  A hound skeleton (D:4)
  Robin (D:2)
  10 adders
  A worm (D:3)
  7 orcs
  5 ball pythons
  10 bats
  8 endoplasms
  7 giant cockroaches
  9 hobgoblins
  2 jackals (D:1)
  6 kobolds
  6 quokkas
  4 frilled lizards
  14 goblins
  9 rats
103 creatures vanquished.

Table legend: (Time is in decaauts)
 A = Elapsed time spent in this place.
 B = Non-inter-level travel time spent in this place.
 C = Inter-level travel time spent in this place.
 D = Time resting spent in this place.
 E = Time spent auto-exploring this place.
 F = Levels seen in this place.
 G = Mean time per level.
                   A        B        C        D        E       F      G
               +--------+--------+--------+--------+--------+-----+--------+
         Total |   5035 |   4791 |    244 |      0 |   4034 |   4 | 1258.8 |
       Dungeon |   5035 |   4791 |    244 |      0 |   4034 |   4 | 1258.8 |
               +--------+--------+--------+--------+--------+-----+--------+

Top non-repeatable levels by time:
     D:3: 1409 daAuts
     D:1: 1310 daAuts
     D:2: 1297 daAuts
     D:4: 1018 daAuts

Table legend:
 A = Non-vault XP
 B = Vault XP
 C = Vault XP percentage of total XP
 D = Non-vault monster count
 E = Vault monster count
 F = Vault count percentage of total count
                 A         B        C        D         E       F
            +---------+---------+-------+---------+---------+-------
      Total |     275 |     411 |  59.9 |      76 |      27 |  26.2
            +---------+---------+-------+---------+---------+-------
        D:1 |      49 |       0 |   0.0 |      31 |       0 |   0.0
        D:2 |      50 |     283 |  85.0 |      15 |      20 |  57.1
        D:3 |      68 |       0 |   0.0 |      17 |       0 |   0.0
        D:4 |     108 |     128 |  54.2 |      13 |       7 |  35.0
            +---------+---------+-------+---------+---------+-------
